Map: World of Sleepers LE

Players

DPGPartinG (PartinG) - Winner!

  • Race: Protoss Protoss
  • League: Master
  • Spawn Location: 1:00

Ragnarok (SHIN)

  • Race: Zerg Zerg
  • League: Master
  • Spawn Location: 7:00

VOD

Have the link to the VOD?

Description

Time

  • Played on: Jan. 9, 2020, 4:09 a.m.
  • Length: 6:37
Show
View Real Time Build Order
Export as new Build Order

DPGPartinG Protoss - Winner!

Build Orders:  

Get SALT Encoding   

  12  0:00  Probe  
  13  0:12  Probe  
  14  0:18  Pylon  
  14  0:25  Probe (Chrono Boost)  
  15  0:37  Probe (Chrono Boost)  
  15  0:38  Gateway  
  16  0:45  Probe (Chrono Boost)  
  16  0:46  Assimilator  
  17  0:51  Probe  
  18  0:59  Forge  
  18  1:03  Probe  
  19  1:15  Probe  
  19  1:17  Pylon  
  20  1:25  Cybernetics Core  
  20  1:28  Probe  
  21  1:35  Photon Cannon  
  21  1:49  Assimilator  
  21  1:54  Pylon  
  20  2:03  Photon Cannon  
  20  2:08  Robotics Facility  
  20  2:12  Shield Battery  
  20  2:20  Shield Battery  
  20  2:25  Shield Battery  
  20  2:36  Photon Cannon  
  20  2:45  Pylon  
  20  2:55  Observer (Chrono Boost)  
  21  2:59  Shield Battery  
  21  3:02  Shield Battery  
  21  3:10  Immortal (Chrono Boost)  
  21  3:14  Observer  
  21  3:16  Observer  
  25  3:24  Shield Battery  
  25  3:38  Warp Prism (Chrono Boost)  
  27  3:43  Shield Battery  
  27  3:55  Shield Battery  
  27  4:07  Immortal (Chrono Boost)  
  31  4:12  Observer  
  31  4:14  Shield Battery  
  31  4:26  Shield Battery  
  31  4:32  Pylon  
  31  4:45  Immortal (Chrono Boost)  
  34  5:03  Shield Battery x2  
  34  5:08  Photon Cannon  
  34  5:28  Immortal (Chrono Boost)  
  38  5:49  Gateway  
  38  5:50  Shield Battery  
Show
View Real Time Build Order
Export as new Build Order

Ragnarok Zerg 

Build Orders: Hatch First 

Get SALT Encoding   

  12  0:00  Drone  
  13  0:12  Overlord  
  13  0:17  Drone  
  14  0:31  Drone x2  
  16  0:48  Hatchery  
  15  0:51  Drone  
  15  0:55  Drone  
  17  0:58  Drone  
  18  1:09  Extractor  
  17  1:13  Spawning Pool  
  17  1:16  Drone  
  17  1:19  Drone  
  18  1:28  Drone  
  19  1:40  Overlord  
  19  2:03  Zergling x6, Queen  
  24  2:12  Queen  
  26  2:16  Zergling x2  
  26  2:22  Metabolic Boost  
  27  2:28  Zergling x2  
  27  2:29  Drone  
  29  2:30  Drone  
  29  2:36  Spine Crawler  
  29  2:39  Drone  
  29  2:43  Drone  
  31  2:45  Drone  
  32  2:53  Queen  
  34  2:58  Overlord  
  34  3:06  Queen  
  36  3:17  Drone x2  
  38  3:22  Overlord  
  38  3:27  Zergling x2  
  38  3:28  Zergling x2  
  38  3:29  Queen  
  42  3:36  Overlord  
  41  3:50  Lair  
  41  3:53  Zergling x12  
  45  4:04  Queen  
  45  4:09  Zergling x8  
  51  4:23  Spore Crawler  
  50  4:34  Overlord  
  50  4:40  Queen  
  50  4:45  Zergling x10  
  55  4:56  Nydus Network  
  55  4:57  Queen  
  55  4:59  Zergling x2  
  56  5:00  Zergling x4  
  56  5:07  Zergling x2  
  53  5:09  Zergling x2  
  54  5:16  Queen  
  54  5:18  Zergling x4  
  53  5:29  Zergling x4  
  53  5:32  Nydus Canal  
  53  5:35  Queen  
  55  5:40  Zergling x4  
  55  5:54  Zergling x4  
  53  6:01  Zergling x2  
  53  6:02  Zergling x2  
  49  6:08  Zergling x6  
  46  6:12  Zergling x2  
  46  6:16  Zergling x2  
Tags
 
Add a new tag
Caveats
  • Supply blocks, unpowered buildings, or Contaminate may cause inaccurate times.
  • Supply counts are checked every 10 seconds.